 Dungeon Crawl Stone Soup version 0.25-a0-665-ga69d64035b (webtiles) character file.

Game seed: 14701805784001811017, levelgen mode: deterministic

1031 MisterFreud the Nimble (level 8, -12/37 HPs)
             Began as a Felid Berserker on Mar 26, 2020.
             Was a Priest of Trog.
             Mangled by an ogre
             ... wielding a +0 giant club
              (22 damage)
             ... on level 6 of the Dungeon.
             The game lasted 00:09:08 (6402 turns).

MisterFreud the Nimble (Felid Berserker)            Turns: 6402, Time: 00:09:09

Health: -12/37     AC:  2    Str: 13    XL:     8   Next: 3%
Magic:  12/12      EV: 24    Int:  8    God:    Trog [***...]
Gold:   685        SH:  0    Dex: 18    Spells: 7/7 levels left
                                        Lives:  0   Deaths: 2

rFire    . . .     SeeInvis +     - Unarmed
rCold    . . .     Gourm    .   (shield unavailable)
rNeg     . . .     Faith    .   (armour unavailable)
rPois    .         Spirit   .   (helmet unavailable)
rElec    .         Reflect  .   (cloak unavailable)
rCorr    .         Harm     .   (gloves unavailable)
MR       ++...                  (boots unavailable)
Stlth    ++++......             (no amulet)
HPRegen  0.12/turn              e - ring of protection from magic
MPRegen  0.13/turn              (no ring)

@: berserk cooldown, slowed, slow
A: very small, no armour, no weapons or thrown items, stealth, claws 1, fangs 3,
see invisible, carnivore, speed 1, shaggy fur 2, slow metabolism 1, sharp paws
a: Berserk, Trog's Hand, Renounce Religion


You were on level 6 of the Dungeon.
You worshipped Trog.
Trog was most pleased with you.
You were not hungry.

You visited 1 branch of the dungeon, and saw 6 of its levels.
You also visited: Ossuary.

You collected 685 gold pieces.

Inventory:

Jewellery
 e - a ring of protection from magic (left paw)
 D - an uncursed amulet of rage
Wands
 f - a wand of flame (23)
 k - a wand of polymorph (17)
 l - a wand of acid (18)
 A - a wand of enslavement (8)
Scrolls
 c - 6 scrolls of identify
 d - 7 scrolls of remove curse
 g - 2 scrolls of blinking {unknown}
 h - 3 scrolls of enchant weapon {unknown}
 j - 2 scrolls of enchant armour {unknown}
 m - a scroll of random uselessness {unknown}
 v - a scroll of magic mapping {unknown}
 w - a scroll of teleportation {unknown}
 x - a scroll of fear {unknown}
 y - a scroll of silence {unknown}
 C - a scroll of brand weapon {unknown}
 E - a scroll of amnesia {unknown}
Potions
 b - 2 potions of lignification
 i - 4 potions of haste {unknown}
 n - 3 potions of curing {unknown}
 o - a potion of flight {unknown}
 p - a potion of brilliance {unknown}
 q - a potion of degeneration {unknown}
 r - 2 potions of stabbing {unknown}
 s - 3 potions of heal wounds {unknown}
 t - a potion of mutation {unknown}
 u - 2 potions of berserk rage {unknown}
 z - a potion of might {unknown}
 B - a potion of magic {unknown}
Comestibles
 a - 12 rations


   Skills:
 + Level 5.3 Fighting
 + Level 8.4 Dodging
 + Level 5.6 Stealth
 + Level 5.4 Unarmed Combat
 - Level 5.0 Evocations


You had 7 spell levels left.
You didn't know any spells.
Your spell library was empty.

Dungeon Overview and Level Annotations

Branches:
Dungeon (6/15)            Ossuary (visited)
 Temple: D:4-7

Altars:
Ashenzari
Dithmenos
Fedhas
Nemelex Xobeh
Okawaru
Sif Muna
The Shining One

Annotations:
D:4 1 runed translucent door, olaf's ghost, amateur OgTm
D:5 3 runed translucent doors, exclusions: downstairs and 1 more exclusion, liluieth's ghost, novice DEFi


Innate Abilities, Weirdness & Mutations

You cannot wear armour.
You are incapable of wielding weapons or throwing items.
Your paws allow you to move quietly. (Stealth)
You have sharp claws.
You have razor-sharp teeth.
You have supernaturally acute eyesight. (SInv)
You are carnivorous and can eat meat at any time.
You cover ground quickly.
You are covered in thick fur. (AC +2)
You have a slow metabolism.
Your sharp claws are effective at attacking unaware monsters.


Message History

You feel a strong urge to attack something.
You start resting.
You feel your anger nearly subside.
You are no longer berserk.
You are exhausted.
You feel yourself slow down.
You start resting.
An ogre comes into view. It is wielding a +0 giant club.
An ogre is nearby!
You see here a howler monkey corpse.
Found a robe.
You see here a robe.
You claw the ogre!
The ogre is heavily wounded.
The ogre hits you with a +0 giant club.
* * * LOW HITPOINT WARNING * * *
You scratch the ogre.
The ogre is heavily wounded.
The ogre hits you with a +0 giant club!!
Ouch! That really hurt!
You die...

#.$.....# #####
#.......# ....#
#.......### #....#
#.......†.## #....#
###.#####..###....#
##.# ##..##....#
#..# ##.......#
#.#[#####
###.....###
#...O@..#
#.........
##.####.#
#..#....... #..
.....##....#.. ....
#<### ##......
#.#.# # #
#....####. #.#.
....#### #. . ..
..# #.
#.##########.
#............


You could see an ogre.

Vanquished Creatures
  Menkaure (D:5)
  Duvessa (D:5)
  An ogre (D:4)
  3 ice beasts (D:6)
  A centaur (D:6)
  Blork the orc (D:5)
  Dowan (D:5)
  A howler monkey (D:6)
  3 crimson imps
  A bullfrog zombie (D:5)
  3 hounds
  An orc wizard (D:3)
  2 orc priests
  2 worker ants
  A hound skeleton (D:5)
  8 mummies (Ossuary)
  6 adders
  A shadow imp (D:6)
  An ooze (D:2)
  An adder skeleton (D:4)
  5 dart slugs
  7 leopard geckos
  16 orcs
  2 ball pythons
  3 giant cockroaches
  A gnoll zombie (Ossuary)
  6 goblins
  3 hobgoblins
  4 bats
  3 frilled lizards
  2 hobgoblin zombies (Ossuary)
  13 kobolds
  3 kobold zombies (Ossuary)
  2 orc zombies (Ossuary)
  4 rats
114 creatures vanquished.

Vanquished Creatures (others)
  2 fungi (D:5)
  2 plants (D:5)
4 creatures vanquished.

Grand Total: 118 creatures vanquished

Notes
Turn   | Place    | Note
-------+----------+-------------------------------------------
     0 | D:1      | MisterFreud the Felid Berserker began the quest for the
                  | Orb.
     0 | D:1      | Reached XP level 1. HP: 10/10 MP: 2/2
   888 | D:1      | Reached XP level 2. HP: 14/14 MP: 3/3
  1434 | D:2      | Reached XP level 3. HP: 18/18 MP: 4/4
  1504 | D:2      | Reached ** piety under Trog
  2574 | D:3      | Found a shattered altar of Ashenzari.
  2578 | D:3      | Found a glowing golden altar of the Shining One.
  2589 | D:3      | Reached skill level 5 in Fighting
  2589 | D:3      | Reached XP level 4. HP: 20/23 MP: 5/5
  2792 | D:3      | Killed from afar by an orc wizard
  2793 | D:3      | Reached XP level 3. HP: -2/19 MP: 4/4
  2802 | D:3      | Reached skill level 1 in Stealth
  2806 | D:3      | Reached XP level 4. HP: 23/23 MP: 5/5
  3349 | D:3      | Reached XP level 5. HP: 26/26 MP: 6/6
  3374 | D:3      | Found a sparkling altar of Nemelex Xobeh.
  3457 | D:4      | Noticed an ogre
  3522 | D:4      | Found a sand-covered staircase.
  3540 | Ossuary  | Entered an ossuary
  3722 | Ossuary  | Reached *** piety under Trog
  3728 | Ossuary  | Reached skill level 5 in Dodging
  4219 | D:4      | Killed an ogre
  4219 | D:4      | Gained mutation: You are covered in thick fur. (AC +2)
                  | [Felid growth]
  4219 | D:4      | Reached XP level 6. HP: 19/30 MP: 7/7
  4598 | D:4      | Found a shadowy altar of Dithmenos.
  4609 | D:4      | Found a runed translucent door.
  4609 | D:4      | Noticed olaf's ghost (amateur OgTm)
  4634 | D:4      | Reached skill level 6 in Dodging
  5035 | D:5      | Entered Level 5 of the Dungeon
  5099 | D:5      | Found a runed translucent gate.
  5099 | D:5      | Found a runed translucent gate.
  5099 | D:5      | Noticed liluieth's ghost (novice DEFi)
  5100 | D:5      | Found a runed translucent gate.
  5307 | D:5      | Reached skill level 1 in Evocations
  5307 | D:5      | Reached XP level 7. HP: 19/33 MP: 8/8
  5350 | D:5      | Reached skill level 5 in Stealth
  5352 | D:5      | Found an iron altar of Okawaru.
  5420 | D:5      | Noticed Duvessa
  5421 | D:5      | Noticed Dowan
  5441 | D:5      | Killed Duvessa
  5447 | D:5      | Killed Dowan
  5447 | D:5      | Reached skill level 5 in Unarmed Combat
  5583 | D:5      | Noticed Blork the orc
  5591 | D:5      | Killed Blork the orc
  5591 | D:5      | Reached skill level 7 in Dodging
  5666 | D:5      | Noticed Menkaure
  5669 | D:5      | Found a blossoming altar of Fedhas.
  5675 | D:5      | Slain by Menkaure
  5676 | D:5      | Reached XP level 6. HP: 0/45 MP: 9/9
  5714 | D:5      | Killed Menkaure
  5714 | D:5      | Reached XP level 7. HP: 33/33 MP: 10/10
  5775 | D:5      | Found a shimmering blue altar of Sif Muna.
  6034 | D:6      | Reached skill level 8 in Dodging
  6104 | D:6      | Reached skill level 5 in Evocations
  6382 | D:6      | Reached XP level 8. HP: 17/37 MP: 12/12
  6402 | D:6      | Mangled by an ogre

Levels and vault maps discovered:
D:1:      minmay_arrival_checkered_box, layout_rooms, minmay_cut_off
D:2:      layout_rooms, first_ration, small_statue_intersection
D:3:      layout_basic, lemuel_round_altar, overflow_temple_1_default,
          lemuel_round_altar, minmay_stone_trees_small
D:4:      layout_basic, lemuel_doored_altar, hellmonk_ghost_happy_afterlife,
          serial_bayou, serial_bayou_pond_e, serial_bayou_pond_a,
          serial_bayou_shore_b, serial_bayou_pond_e,
          nicolae_ossuary_entry_false_entrances
D:5:      layout_basic, kennysheep_okawaru_gauntlet, lemuel_crystal_altar,
          gammafunk_ghost_nasty_kobolds, led_sif_book, uniq_duvessa,
          uniq_blork_the_orc, uniq_menkaure
D:6:      layout_rooms, serial_shops, shop

Skill      XL: |  1  2  3  4  5  6  7 |
---------------+----------------------+-----
Fighting       | 4 5 |  5.3
Stealth        | 1 2 4 5 |  5.6
Dodging        | 5 6 8 |  8.4
Unarmed Combat | 4 5 |  5.4
Evocations     | 3 5 |  5.0

Action                   |  1- 3 |  4- 6 |  7- 9 || total
-------------------------+-------+-------+-------++-------
Melee: Unarmed           |   122 |   207 |    88 ||   417
       Bite              |     7 |    19 |    16 ||    42
       Punch             |     3 |     3 |     5 ||    11
Invok: Berserk           |     6 |     4 |     4 ||    14
       Trog's Hand       |       |     2 |     1 ||     3
  Use: Scroll            |     2 |     1 |       ||     3
 Stab: Distracted        |       |     4 |       ||     4
       Sleeping          |       |     2 |     2 ||     4
  Eat: Chunk             |    15 |    14 |     6 ||    35
Armor: Skin              |     2 |     3 |     3 ||     8
Dodge: Dodged            |    93 |   148 |    61 ||   302

Table legend:
 A = Non-vault XP
 B = Vault XP
 C = Vault XP percentage of total XP
 D = Non-vault monster count
 E = Vault monster count
 F = Vault count percentage of total count
                 A         B        C        D         E       F
            +---------+---------+-------+---------+---------+-------
      Total |    1453 |     652 |  31.0 |      91 |      23 |  20.2
            +---------+---------+-------+---------+---------+-------
        D:1 |      12 |       3 |  20.0 |       7 |       3 |  30.0
        D:2 |      45 |       0 |   0.0 |      21 |       0 |   0.0
        D:3 |     208 |       0 |   0.0 |      31 |       0 |   0.0
        D:4 |     227 |       0 |   0.0 |       6 |       0 |   0.0
        D:5 |     265 |     495 |  65.1 |      14 |       4 |  22.2
        D:6 |     696 |       0 |   0.0 |      12 |       0 |   0.0
    Ossuary |       0 |     154 | 100.0 |       0 |      16 | 100.0
            +---------+---------+-------+---------+---------+-------
